 Dungeon Crawl Stone Soup version 0.27-a0-1448-g9c78c815f3 (webtiles) character file.

Game seed: 12747812833350898947

266389 Lavandula the Maledictor (level 19, -14/151 (157) HPs)
             Began as a Vampire Enchanter on July 5, 2021.
             Was the Champion of Dithmenos.
             Demolished by a deep elf blademaster (26 damage)
             ... on level 3 of the Elven Halls.
             The game lasted 02:19:02 (35940 turns).

Lavandula the Maledictor (Vampire Enchanter)       Turns: 35940, Time: 02:19:02

HP:   -14/151 (157) AC: 17    Str:  7    XL:     19   Next: 32%
MP:   16/40         EV: 23    Int: 20    God:    Dithmenos [******]
Gold: 342           SH: 12    Dex: 15    Spells: 1/35 levels left

rFire    + . .     SeeInvis +   F - +9 dagger (elec)
rCold    . . .     Faith    .   j - +2 buckler
rNeg     . . .     Spirit   .   w - +3 acid dragon scales
rPois    +         Reflect  +   m - +1 helmet "Asiseitz" {MP+9 Slay+2}
rElec    +         Harm     .   M - +2 cloak {Will+}
rCorr    +         Rampage  +   q - +1 pair of gloves of the Game Afoot {rF+ Regen+ Int-5}
Will     +++..                  E - +0 pair of boots of the Game of Kings {Rampage rElec Regen+}
Stlth    ++++++++++             P - amulet of Biditt {Reflect Rampage Fly SH+5}
HPRegen  2.55/turn              z - ring of wizardry
MPRegen  0.27/turn              Z - ring "Bashalol" {Drain rPois Will+ EV+4}

@: flying, healing quickly, wreathed by umbra, studying Maces & Flails, lightly
drained
A: alive, fangs 3, see invisible, vampiric 2, electricity resistance
}: 2/15 runes: barnacled, gossamer
a: Exsanguinate, Renounce Religion, Shadow Step, Shadow Form


You were on level 3 of the Elven Halls.
You worshipped Dithmenos.
Dithmenos was exalted by your worship.
You visited 8 branches of the dungeon, and saw 36 of its levels.
You also visited: Bailey.

You collected 3858 gold pieces.
You spent 3516 gold pieces at shops.

Inventory:

Hand Weapons
 F - a +9 dagger of electrocution (weapon)
 L - the +6 great sword of the Neverending Stars {vorpal, Will++}
   (You took it off a deep elf pyromancer on level 2 of the Elven Halls)

   It inflicts extra damage upon your enemies.
   Will:      It greatly increases your willpower.
Armour
 e - a +2 robe of resistance
 j - a +2 buckler (worn)
 m - the +1 helmet "Asiseitz" (worn) {MP+9 Slay+2}
   (You found it on level 4 of the Shoals)

   Slay:      It affects your accuracy & damage with ranged weapons and melee
   (+2).
   MP:        It affects your magic capacity (+9).
 q - the +1 pair of gloves of the Game Afoot (worn) {rF+ Regen+ Int-5}
   (You acquired it on level 4 of the Shoals)

   Int:       It affects your intelligence (-5).
   rF:        It protects you from fire.
   Regen:     It increases your rate of health regeneration.
 w - +3 acid dragon scales (worn)
 E - the +0 pair of boots of the Game of Kings (worn) {Rampage rElec Regen+}
   (You found it on level 8 of the Dungeon)

   rElec:     It insulates you from electricity.
   Regen:     It increases your rate of health regeneration.
   Rampage:   It bestows one free step when moving towards enemies.
 M - a +2 cloak of willpower (worn)
Jewellery
 z - a ring of wizardry (left hand)
 G - a +4 ring of protection
 K - a ring of the Octopus King {rF+ AC+1 EV+1 Str+1 Int+1 Dex+1}
   (You bought it in a shop on level 1 of the Elven Halls)

   [ring of protection from fire]

   AC:        It affects your AC (+1).
   EV:        It affects your evasion (+1).
   Str:       It affects your strength (+1).
   Int:       It affects your intelligence (+1).
   Dex:       It affects your dexterity (+1).
   rF:        It protects you from fire.
 P - the amulet of Biditt (around neck) {Reflect Rampage Fly SH+5}
   (You found it on level 2 of the Lair of Beasts)

   [amulet of reflection]

   It reflects blocked missile attacks.
   Fly:       It grants you flight.
   SH:        It affects your SH (+5).
   Rampage:   It bestows one free step when moving towards enemies.
 V - the ring "Kiloq" {rC+ rN+ Dex+4 SInv}
   (You found it on level 5 of the Lair of Beasts)

   [ring of see invisible]

   Dex:       It affects your dexterity (+4).
   rC:        It protects you from cold.
   rN:        It protects you from negative energy.
   SInv:      It lets you see invisible.
 X - an amulet of faith
 Z - the ring "Bashalol" (right hand) {Drain rPois Will+ EV+4}
   (You found it on level 14 of the Dungeon)

   [ring of evasion]

   EV:        It affects your evasion (+4).
   rPois:     It protects you from poison.
   Drain:     It drains your maximum health when unequipped.
   Will:      It increases your willpower.
Wands
 d - a wand of flame (96)
 v - a wand of mindburst (21)
 y - a wand of paralysis (7)
 B - a wand of digging (19)
 O - a wand of acid (44)
 R - a wand of iceblast (17)
 S - a wand of charming (11)
Scrolls
 c - 16 scrolls of teleportation
 f - 5 scrolls of magic mapping
 i - 3 scrolls of identify
 k - 8 scrolls of amnesia
 l - 4 scrolls of torment
 t - 4 scrolls of blinking
 x - 3 scrolls of vulnerability
 C - 3 scrolls of immolation
 D - 4 scrolls of brand weapon
 H - 4 scrolls of summoning
 I - 2 scrolls of silence
 Q - 8 scrolls of enchant weapon
 T - 6 scrolls of fear
 W - 3 scrolls of fog
Potions
 a - 6 potions of ambrosia
 b - 3 potions of cancellation
 g - a potion of invisibility
 h - a potion of attraction
 o - 3 potions of haste
 r - 4 potions of might
 s - 3 potions of magic
 u - a potion of brilliance
 A - 2 potions of berserk rage
 J - 8 potions of curing
 N - a potion of heal wounds
 U - a potion of mutation
Miscellaneous
 n - a box of beasts (inert)
 p - a phantom mirror (inert)
 Y - a phantom mirror (inert)


   Skills:
 - Level 16.2 Fighting
 - Level 10.0 Short Blades
 - Level 16.9 Dodging
 - Level 14.3 Stealth
 - Level 4.0 Shields
 - Level 8.7 Spellcasting
 - Level 21.2 Hexes
 - Level 7.2 Necromancy
 + Level 10.6 Invocations
 - Level 5.2 Evocations


You had one spell level left.
You knew the following spells:

 Your Spells              Type           Power      Damage    Failure   Level
a - Corona                Hex            84%        N/A       0%          1
b - Ensorcelled Hibernat  Hex/Ice        100%       N/A       1%          2
c - Tukima's Dance        Hex            76%        N/A       0%          3
d - Dazzling Flash        Conj/Hex       100%       N/A       1%          3
e - Confusing Touch       Hex            76%        N/A       0%          3
f - Cause Fear            Hex            38%        N/A       1%          4
g - Animate Dead          Necr           18%        N/A       3%          4
h - Discord               Hex            38%        N/A       6%          8
i - Invisibility          Hex            38%        N/A       1%          6

Your spell library contained the following spells:

 Spells                   Type           Power      Damage    Failure   Level
 Freeze                   Ice            32%        1d5       6%          1
 Sandblast                Erth           16%        2d6       6%          1
 Shock                    Conj/Air       32%        1d5       6%          1
 Sting                    Tmut/Pois      32%        1d4       6%          1
 Inner Flame              Hex/Fire       50%        N/A       1%          3
 Portal Projectile        Hex/Tloc       100%       N/A       1%          3
 Summon Guardian Golem    Hex/Summ       50%        N/A       1%          3
 Fulminant Prism          Conj/Hex       25%        3d14      1%          4
 Leda's Liquefaction      Hex/Erth       25%        N/A       1%          4
 Metabolic Englaciation   Hex/Ice        25%        N/A       2%          5
 Summon Mana Viper        Hex/Summ       50%        N/A       2%          5
 Yara's Violent Unravell  Hex/Tmut       25%        3d11      2%          5
 Passwall                 Tmut/Erth      6%         N/A       9%          2
 Frozen Ramparts          Ice            16%        1d3       17%         3
 Ozocubu's Armour         Ice            8%         N/A       17%         3
 Spider Form              Tmut/Pois      4%         N/A       17%         3
 Swiftness                Air            8%         N/A       17%         3
 Borgnjor's Vile Clutch   Necr/Erth      11%        N/A       34%         5
 Death Channel            Necr           18%        N/A       41%         6
 Airstrike                Air            4%         N/A       50%         4
 Animate Armour           Summ/Erth      16%        N/A       50%         4
 Hailstorm                Conj/Ice       8%         3d4       50%         4
 Ice Form                 Ice/Tmut       8%         N/A       50%         4
 Iskenderun's Mystic Bla  Conj/Tloc      8%         2d4       50%         4
 Passage of Golubria      Tloc           N/A        N/A       50%         4
 Petrify                  Tmut/Erth      8%         N/A       50%         4
 Summon Lightning Spire   Summ/Air       8%         N/A       50%         4
 Irradiate                Conj/Tmut      4%         3d15      82%         5
 Iskenderun's Battlesphe  Conj           8%         2d6       82%         5
 Lee's Rapid Deconstruct  Erth           4%         3d6*      82%         5
 Lightning Bolt           Conj/Air       4%         1d15      82%         5
 Summon Forest            Summ/Tloc      4%         N/A       82%         5
 Simulacrum               Ice/Necr       11%        N/A       88%         6
 Dispersal                Tloc           4%         N/A       100%        6
 Iron Shot                Conj/Erth      4%         9d2       100%        6
 Shadow Creatures         Summ           N/A        N/A       100%        6
 Haunt                    Necr/Summ      11%        N/A       100%        7
 Ozocubu's Refrigeration  Ice            4%         4d5       100%        7
 Spellforged Servitor     Conj/Summ      4%         N/A       100%        7
 Disjunction              Tloc           4%         N/A       100%        8
 Infestation              Necr           18%        N/A       100%        8
 Lehudib's Crystal Spear  Conj/Erth      4%         10d3      100%        8
 Sublimation of Blood     Necr           Unusable   N/A       N/A         2

Dungeon Overview and Level Annotations

Branches:
Dungeon (15/15)            Temple (1/1) D:5            Lair (6/6) D:9
 Shoals (4/4) Lair:4       Spider (4/4) Lair:3        Slime (0/5) Lair:5
    Orc (2/2) D:12            Elf (3/3) Orc:2        Vaults (0/5) D:13
 Depths (1/5) D:15         Bailey (visited)

Altars:
Ashenzari
Cheibriados
Dithmenos
Elyvilon
Fedhas
Gozag
Hepliaklqana
Kikubaaqudgha
Makhleb
Nemelex Xobeh
Okawaru
Qazlal
Ru
Sif Muna
Trog
Uskayaw
Vehumet
Wu Jian
Xom
Yredelemnul
Zin
The Shining One

Shops:
D:5 !   D:8 [   D:9 (   Orc:2 (=*?   Elf:1 [?*==   Shoals:2 *   Shoals:4 =

Portals:
Abyss: D:4
Pandemonium: Orc:2
Trove: Elf:1 (give 7 scrolls of fear)

Annotations:
D:3 1 exclusion
D:15 2 transporters, Hiko's ghost, journeyman NaIE
Lair:6 exclusion: oklob plant
Shoals:2 1 exclusion, Polyphemus


Innate Abilities, Weirdness & Mutations

Your natural rate of healing is accelerated.
You have razor-sharp teeth.
You have supernaturally acute eyesight. (SInv)
You are afflicted with vampirism and can become a bat while bloodless.
You are resistant to electric shocks. (rElec)


Message History

Unknown command.
Okay, then.
You feel much better.
You block the deep elf blademaster's attack.
The deep elf blademaster hits you but does no damage.
The deep elf death mage beckons forth a restless soul!
The deep elf blademaster closely misses you.
The deep elf blademaster completely misses you.
The deep elf blademaster hits you with a +0 rapier!
* * * LOW HITPOINT WARNING * * *
The deep elf blademaster hits you with a +0 rapier!
* * * LOW HITPOINT WARNING * * *
Blink to where?
Press: ? - help, Dir - move target, p - lost soul
As you read the scroll of blinking, it crumbles to dust.
Okay, then.
Casting: Tukima's Dance (safe; 0% risk of failure)
Confirm with . or Enter, or press ? or * to list all spells.
The deep elf death mage resists with almost no effort.
The deep elf blademaster resists with some effort.
Unknown command.
Casting: Discord (dangerous; 6% risk of failure)
Confirm with . or Enter, or press ? or * to list all spells.
The deep elf death mage resists with almost no effort.
The deep elf blademaster resists with almost no effort.
You feel yourself speed up.
Unknown command.
Okay, then.
Unknown command.
Unknown command.
Casting: Discord (dangerous; 6% risk of failure)
Confirm with . or Enter, or press ? or * to list all spells.
The deep elf death mage flies into a frenzy!
The deep elf blademaster flies into a frenzy!
The deep elf blademaster hits you with a +0 rapier!!
* * * LOW HITPOINT WARNING * * *
The deep elf blademaster completely misses you.
The deep elf death mage barely misses the lost soul.
The deep elf blademaster hits you with a +0 rapier!!
You die...

.# #.# 8# #.# .# #*# ##
#*# # ##e# #..# #.##
##########e# #........@.#
###......)####
#........)..# ###
#...........# #.#
#...........##########.##
#...........'.......'...#
#...........#########...##
######...........# #.....#
..)..'...........# #.....#


You could see 2 lost souls, a neutral deep elf blademaster (fast, strong,
insane) and a neutral deep elf death mage (fast, strong, insane, corroded).

Vanquished Creatures
  Jorgrun (Spider:3)
  A deep elf blademaster (Elf:2)
  Aizul (Elf:1)
  2 frost giants
  2 deep elf sorcerers
  4 deep elf elementalists
  5 ghost moths
  4 emperor scorpions
  An ironbound preserver (D:13)
  3 entropy weavers
  2 deep elf demonologists (Elf:2)
  2 deep elf annihilators (Elf:3)
  A dire elephant (Lair:5)
  2 merfolk impalers (Shoals:4)
  2 spark wasps (Spider:2)
  A merfolk javelineer (Shoals:4)
  Snorg (Lair:3)
  A fire dragon (D:14)
  An ice dragon (shapeshifter) (D:13)
  10 hydras
  Fannar (Lair:3)
  3 merfolk avatars
  4 catoblepae
  2 ogre magi (D:15)
  12 centaur warriors
  A merfolk aquamancer (Shoals:4)
  13 death yaks
  2 alligator snapping turtles
  12 two-headed ogres
  19 dancing weapons
  2 death scarabs (Spider:4)
  4 tengu warriors
  6 deep elf knights (Elf:2)
  7 orc high priests (Orc:2)
  Sonja (Lair:3)
  A sixfirhy (Orc:2)
  4 skeletal warriors
  6 sea snakes
  2 gelid demonspawn (Orc:2)
  A torturous demonspawn (Orc:2)
  7 harpies
  12 deep elf archers
  A wolf spider zombie (Spider:4)
  3 spectral wolf spiders (Spider:4)
  13 deep elf pyromancers
  A wizard (D:14)
  10 orb spiders
  6 orc knights
  9 ugly things
  13 deep elf zephyrmancers
  A mana viper (shapeshifter) (D:15)
  A faun (Shoals:1)
  5 orc sorcerers
  16 wolf spiders
  4 cyclopes
  17 manticores
  3 moths of wrath
  8 water nymphs
  A toenail golem (D:4)
  Maurice (D:12)
  7 merfolk sirens
  An orange demon (Orc:2)
  4 black mambas
  9 elephants (Lair:6)
  2 gargoyles
  25 cane toads
  Maggie (D:6)
  4 torpor snails
  3 spectral redbacks (Spider:4)
  Psyche (D:12)
  A rime drake (Lair:5)
  A freezing wraith (D:11)
  A redback zombie (Spider:4)
  An ice devil (Orc:2)
  10 komodo dragons
  A tengu conjurer (Shoals:3)
  A hellwing (Orc:2)
  2 red devils (Orc:2)
  11 demonic crawlers
  A queen bee (shapeshifter) (D:13)
  6 trolls
  25 jumping spiders
  3 spectral jumping spiders (Spider:4)
  3 tyrant leeches (Lair:6)
  14 merfolk
  A polar bear (Lair:2)
  A spectral tarantella (Spider:4)
  9 dream sheep
  14 blink frogs
  15 slime creatures
  A tarantella zombie (Spider:4)
  4 hornets
  5 wind drakes
  The ghost of 27snakeeyes612 the Shield-Bearer, an amateur GrFi (D:4)
  9 snapping turtles
  9 tarantellas
  36 redbacks
  A wyvern (shapeshifter) (Elf:2)
  7 water elementals
  37 yaks
  A vampire (D:11)
  3 air elementals
  A fire elemental (Elf:1)
  9 spriggans (Lair:2)
  4 wyverns
  4 wraiths
  5 basilisks
  3 steam dragons
  9 vampire mosquitoes
  A swamp worm (shapeshifter) (Elf:2)
  A warg (Orc:1)
  An acid dragon (D:12)
  18 water moccasins
  A spectral hornet (Spider:4)
  39 orc warriors
  Duvessa (D:4)
  2 ice beasts
  6 black bears
  2 necrophages
  29 wolves
  A hornet zombie (D:6)
  10 ogres
  18 centaurs
  2 small abominations (D:4)
  2 phantoms
  7 kobold brigands
  20 bullfrogs
  4 gnoll sergeants
  2 scorpions
  Dowan (D:4)
  4 earth elementals
  A water moccasin skeleton (D:5)
  12 killer bees
  5 wights (D:9)
  6 electric eels
  A crimson imp (D:4)
  A bullfrog zombie (D:5)
  4 howler monkeys
  4 centaur zombies
  4 hounds
  A jelly (D:6)
  A gnoll shaman (D:4)
  2 centaur skeletons (D:6)
  23 orc priests
  Crazy Yiuf (D:6)
  6 iguanas
  12 orc wizards
  A hound zombie (D:4)
  A howler monkey zombie (D:9)
  A howler monkey skeleton (D:5)
  11 gnolls
  3 adders
  2 white imps
  2 ufetubi
  2 adder skeletons
  An adder zombie (D:4)
  2 dart slugs (D:1)
  60 orcs
  11 bats
  6 endoplasms
  2 giant cockroaches
  8 goblins
  11 hobgoblins
  4 jackals (D:1)
  10 ball pythons
  2 frilled lizards
  23 kobolds
  2 rats
  A butterfly (Lair:4)
1031 creatures vanquished.

Vanquished Creatures (collateral kills)
  The ghost of martbhell the Slayer, an adept MiBe of Trog (Spider:4)
  A deep elf blademaster (Elf:3)
  3 deep elf master archers (Elf:3)
  A frost giant (Shoals:4)
  4 deep elf sorcerers (Elf:3)
  A ghost moth (Spider:4)
  An emperor scorpion (Spider:4)
  2 deep elf elementalists (Elf:3)
  2 deep elf demonologists (Elf:3)
  An entropy weaver (Spider:3)
  5 deep elf annihilators (Elf:3)
  A spark wasp (Spider:4)
  2 merfolk javelineers (Shoals:4)
  A deep elf death mage (Elf:3)
  5 merfolk impalers (Shoals:4)
  4 deep elf high priests (Elf:3)
  A hydra (shapeshifter) (Elf:3)
  A death knight (D:11)
  A merfolk aquamancer (Shoals:1)
  A satyr (Shoals:4)
  A two-headed ogre (D:12)
  8 dancing weapons
  A death scarab (Spider:4)
  An orc high priest (Elf:3)
  4 deep elf knights
  2 skeletal warriors (D:14)
  4 sea snakes (Shoals:4)
  4 deep elf zephyrmancers (Elf:2)
  4 deep elf archers
  2 harpies (Shoals:4)
  2 wolf spider zombies (Spider:4)
  7 deep elf pyromancers
  8 orb spiders
  2 manticores (Shoals:4)
  9 wolf spiders
  An orc sorcerer (Elf:3)
  A moth of wrath (Spider:4)
  3 merfolk sirens (Shoals:4)
  3 water nymphs (Shoals:4)
  A torpor snail (Spider:4)
  2 spectral redbacks (Spider:4)
  11 demonic crawlers
  A troll (Elf:3)
  9 merfolk
  14 jumping spiders
  A wind drake (Shoals:4)
  8 hornets
  A spectral jumping spider (Spider:4)
  2 spectral tarantellas (Spider:4)
  A tarantella zombie (Spider:4)
  3 snapping turtles (Shoals:4)
  5 dream sheep (Shoals:4)
  2 air elementals
  Sigmund (D:3)
  15 tarantellas
  35 redbacks
  2 water elementals (Shoals:4)
  A yak (D:12)
  A warg (Elf:3)
  2 spectral hornets (Spider:4)
  4 orc warriors
  5 centaurs (Shoals:4)
  2 ogres
  4 earth elementals
  6 gnolls
  An orc (Elf:3)
  2 hobgoblins (Bailey)
248 creatures vanquished.

Vanquished Creatures (others)
  A merfolk javelineer (Shoals:4)
  2 merfolk impalers (Shoals:4)
  A deep elf death mage (Elf:3)
  A deep elf high priest (Elf:3)
  5 death scarabs (Spider:4)
  An alligator snapping turtle (Shoals:4)
  A deep elf knight (Elf:3)
  2 harpies (Shoals:4)
  9 deep elf zephyrmancers
  2 deep elf pyromancers
  4 deep elf archers
  2 orb spiders (Spider:3)
  3 wolf spiders
  A moth of wrath (Spider:4)
  A torpor snail (Spider:2)
  A demonic crawler (Spider:3)
  2 jumping spiders
  3 tarantellas
  2 redbacks
  5 dancing weapons
  2 centaurs (Shoals:4)
  2 orcs
  38 fungi
  148 plants
239 creatures vanquished.

Grand Total: 1518 creatures vanquished

Notes
Turn   | Place    | Note
-------+----------+-------------------------------------------
     0 | D:1      | Lavandula the Vampire Enchanter began the quest for the
                  | Orb.
     0 | D:1      | Reached XP level 1. HP: 13/13 MP: 3/3
   148 | D:1      | Reached skill level 5 in Hexes
   152 | D:1      | Reached XP level 2. HP: 13/19 MP: 1/5
   174 | D:1      | Learned a level 2 spell: Ensorcelled Hibernation
   303 | D:1      | Reached skill level 5 in Stealth
   730 | D:1      | Gained mutation: You are afflicted with vampirism and can
                  | become a bat while bloodless. [Vampire growth]
   730 | D:1      | Reached XP level 3. HP: 24/24 MP: 6/6
   813 | D:1      | Found a faded altar of an unknown god.
  1739 | D:3      | Noticed Sigmund
  1897 | D:3      | Learned a level 3 spell: Tukima's Dance
  2056 | D:3      | Killed Sigmund
  2057 | D:3      | Reached XP level 4. HP: 30/30 MP: 3/7
  2399 | D:3      | Reached XP level 5. HP: 27/35 MP: 2/8
  2572 | D:3      | Reached skill level 5 in Short Blades
  2977 | D:3      | Found a bloodstained altar of Trog.
  3159 | D:4      | Noticed a phantom
  3358 | D:3      | Reached XP level 6. HP: 19/41 MP: 2/10
  3579 | D:4      | Learned a level 3 spell: Dazzling Flash
  4202 | D:4      | Identified a scroll of acquirement
  4226 | D:4      | Acquired an amulet of reflection
  4264 | D:4      | Reached XP level 7. HP: 43/46 MP: 14/14
  4366 | D:4      | Found a transporter.
  4378 | D:4      | Noticed a toenail golem
  4402 | D:4      | Found a one-way gate to the infinite horrors of the Abyss.
  4402 | D:4      | Noticed 27snakeeyes612's ghost (amateur GrFi)
  4429 | D:4      | Noticed Duvessa
  4430 | D:4      | Noticed Dowan
  4465 | D:4      | Killed Duvessa
  4466 | D:4      | Reached skill level 5 in Spellcasting
  4609 | D:5      | Entered Level 5 of the Dungeon
  4611 | D:5      | Found a staircase to the Ecumenical Temple.
  4627 | Temple   | Entered the Ecumenical Temple
  5352 | D:5      | Noticed a steam dragon
  5642 | D:4      | Killed Dowan
  5900 | D:4      | Reached XP level 8. HP: 44/52 MP: 11/16
  6019 | D:4      | Found a transporter.
  6361 | D:5      | Found Neck's Distillery.
  6376 | D:5      | Bought a potion of curing for 36 gold pieces
  6376 | D:5      | Bought a potion of haste for 120 gold pieces
  6376 | D:5      | Bought a potion of cancellation for 96 gold pieces
  6376 | D:5      | Bought a potion of degeneration for 12 gold pieces
  7185 | D:6      | Reached skill level 5 in Dodging
  7345 | D:6      | Found a shadowy altar of Dithmenos.
  7350 | D:6      | Became a worshipper of Dithmenos the Shadowed
  7356 | D:6      | Found a sacrificial altar of Ru.
  7359 | D:6      | Found an iron altar of Okawaru.
  7362 | D:6      | Found a shimmering altar of Xom.
  7674 | D:6      | Found a runed translucent door.
  7675 | D:6      | Noticed Crazy Yiuf
  7782 | D:7      | Reached XP level 9. HP: 23/57 MP: 17/17
  7994 | D:6      | Killed Crazy Yiuf
  8045 | D:6      | Noticed Maggie
  8055 | D:6      | Killed Maggie
  8860 | D:7      | Found a stormy altar of Qazlal.
  8865 | D:7      | You fall into a shaft and drop 2 floors!
  8865 | D:9      | Found Hizemu's Antique Weapon Shoppe.
  8865 | D:9      | Found an opulent altar of Gozag.
  8869 | D:9      | Bought a runed dagger for 130 gold pieces
  8890 | D:8      | Noticed a five-headed hydra
  8958 | D:9      | Found a staircase to the Lair.
  8980 | D:8      | Found a flagged portal.
  8994 | Bailey   | Entered a bailey
  9009 | Bailey   | Learned a level 3 spell: Confusing Touch
  9141 | Bailey   | Reached * piety under Dithmenos
  9356 | D:8      | Found a snail-covered altar of Cheibriados.
  9359 | D:8      | Found Cheibriados's Comfort Zone.
  9561 | D:8      | Reached XP level 10. HP: 68/72 MP: 2/18
  9721 | D:8      | Found a hide-covered altar of Uskayaw.
 10099 | D:8      | Identified the +0 pair of boots of the Game of Kings
                  | {Rampage rElec Regen+}
 10194 | D:8      | Killed a five-headed hydra
 10195 | D:8      | Reached skill level 5 in Fighting
 10873 | D:9      | Found a hazy altar of Hepliaklqana.
 11057 | D:9      | Reached skill level 10 in Short Blades
 11107 | D:9      | Found a runed translucent door.
 11112 | D:9      | Found a snail-covered altar of Cheibriados.
 11112 | D:9      | Noticed a centaur warrior
 11115 | D:9      | Noticed a green ugly thing
 11123 | D:9      | Killed a centaur warrior
 11123 | D:9      | Reached ** piety under Dithmenos
 11127 | D:9      | Noticed a manticore
 11186 | D:9      | Killed a green ugly thing
 11187 | D:9      | Reached skill level 10 in Stealth
 11635 | D:9      | Killed a manticore
 11636 | D:9      | Reached XP level 11. HP: 49/83 MP: 9/19
 11772 | D:10     | Entered Level 10 of the Dungeon
 12053 | D:10     | Found an ancient bone altar of Kikubaaqudgha.
 12224 | D:10     | Identified the +7 rapier of Neaf {holy, Stlth+}
 12317 | D:10     | Found a sparkling altar of Nemelex Xobeh.
 12460 | D:10     | Noticed a frost giant
 12465 | D:10     | Killed a frost giant
 12684 | D:11     | Noticed a red ugly thing
 12698 | D:11     | Killed a red ugly thing
 12698 | D:11     | Reached *** piety under Dithmenos
 12760 | D:11     | Noticed a death knight
 12855 | Lair:1   | Entered Level 1 of the Lair of Beasts
 12944 | Lair:1   | Reached skill level 10 in Fighting
 13511 | Lair:1   | Reached XP level 12. HP: 100/100 MP: 20/20
 13796 | Lair:2   | Learned a level 4 spell: Cause Fear
 13862 | Lair:2   | Identified the amulet of Biditt {Reflect Rampage Fly SH+5}
 13932 | Lair:2   | Reached skill level 6 in Hexes
 13958 | Lair:2   | Reached skill level 7 in Hexes
 13969 | Lair:2   | Reached **** piety under Dithmenos
 13984 | Lair:2   | Reached skill level 8 in Hexes
 14040 | Lair:2   | Reached skill level 9 in Hexes
 14072 | Lair:2   | Noticed a catoblepas
 14089 | Lair:2   | Killed a catoblepas
 14350 | Lair:2   | Got Sif Muna's Handbook of the Rocks and the Snowflakes
 14469 | Lair:2   | Reached skill level 1 in Shields
 14538 | Lair:2   | Noticed a four-headed hydra
 14551 | Lair:2   | Killed a four-headed hydra
 14595 | Lair:2   | Reached skill level 1 in Evocations
 14687 | Lair:3   | Noticed Fannar
 14702 | Lair:3   | Killed Fannar
 14718 | Lair:3   | Noticed Sonja
 14726 | Lair:3   | Killed Sonja
 15114 | Lair:3   | Found a hole to the Spider Nest.
 15515 | Lair:3   | Noticed Snorg
 15597 | Lair:3   | Killed Snorg
 15598 | Lair:3   | Reached skill level 5 in Evocations
 15867 | Lair:4   | Noticed a death yak
 15868 | Lair:4   | Noticed a death yak
 15870 | Lair:4   | Noticed a death yak
 15919 | Lair:3   | Killed a death yak
 15920 | Lair:3   | Reached XP level 13. HP: 59/106 MP: 16/21
 16063 | Lair:4   | Reached skill level 5 in Invocations
 16132 | Lair:4   | Found a staircase to the Shoals.
 16140 | Lair:4   | Reached skill level 10 in Hexes
 16353 | Lair:4   | Gained mutation: You are agile. (Dex +2) [potion of
                  | mutation]
 16353 | Lair:4   | Lost mutation: You are agile. (Dex +2) [potion of mutation]
 16353 | Lair:4   | Gained mutation: You are resistant to electric shocks.
                  | (rElec) [potion of mutation]
 16455 | Lair:4   | Reached skill level 11 in Hexes
 16582 | Lair:4   | Reached skill level 12 in Hexes
 16722 | Lair:5   | Reached skill level 10 in Dodging
 16814 | Lair:5   | Reached ***** piety under Dithmenos
 16889 | Lair:5   | Found a staircase to the Slime Pits.
 16987 | Lair:5   | Identified the ring "Kiloq" {rC+ rN+ Dex+4 SInv}
 17524 | Lair:6   | Entered Level 6 of the Lair of Beasts
 17852 | Lair:6   | Reached XP level 14. HP: 113/113 MP: 10/22
 18472 | Lair:6   | Reached skill level 15 in Dodging
 18835 | Lair:6   | Identified the +0 plate armour "Seugejif" {-Tele rPois
                  | Int+5}
 19697 | D:12     | Found a blossoming altar of Fedhas.
 20085 | D:12     | Noticed Maurice
 20093 | D:12     | Killed Maurice
 20200 | D:12     | Noticed Psyche
 20215 | D:12     | Killed Psyche
 20218 | D:12     | Reached ****** piety under Dithmenos
 20600 | D:12     | Found a staircase to the Orcish Mines.
 20723 | Orc:1    | Entered Level 1 of the Orcish Mines
 20764 | D:12     | Learned a level 4 spell: Animate Dead
 20802 | D:12     | Reached skill level 1 in Necromancy
 21288 | Orc:2    | Entered Level 2 of the Orcish Mines
 21288 | Orc:2    | Found a staircase to the Elven Halls.
 21346 | Orc:2    | Found Wofeegemm's General Store.
 21347 | Orc:2    | Found Ymuchys's Magic Scroll Emporium.
 21377 | Orc:2    | Reached XP level 15. HP: 95/119 MP: 15/23
 21596 | Orc:2    | Bought a scroll of teleportation for 45 gold pieces
 21598 | Orc:2    | Bought a scroll of teleportation for 30 gold pieces
 21598 | Orc:2    | Bought a scroll of immolation for 35 gold pieces
 21775 | Orc:2    | Reached skill level 5 in Necromancy
 22394 | Orc:2    | Found Yriluxep's Antique Weapon Shop.
 22394 | Orc:2    | Found a one-way gate leading to the halls of Pandemonium.
 22394 | Orc:2    | Found Ocreut's Jewellery Boutique.
 22403 | Orc:2    | Reached skill level 13 in Hexes
 22438 | Orc:2    | Bought a ring of wizardry for 420 gold pieces
 22483 | Orc:2    | Bought a scroll of enchant armour for 75 gold pieces
 22483 | Orc:2    | Bought a scroll of enchant armour for 75 gold pieces
 22483 | Orc:2    | Bought a scroll of magic mapping for 35 gold pieces
 22483 | Orc:2    | Bought a scroll of magic mapping for 35 gold pieces
 22859 | D:13     | Reached skill level 14 in Hexes
 22866 | D:13     | Found a gate to the Vaults.
 23059 | D:13     | Reached skill level 15 in Hexes
 23706 | D:14     | Reached skill level 16 in Hexes
 24249 | D:14     | Identified the ring "Bashalol" {Drain rPois Will+ EV+4}
 25051 | D:15     | Entered Level 15 of the Dungeon
 25141 | D:15     | Reached XP level 16. HP: 124/125 MP: 23/27
 25454 | D:15     | Found a transporter.
 25468 | D:15     | Noticed Hiko's ghost (journeyman NaIE)
 25481 | D:15     | Found a transporter.
 25611 | D:15     | Learned a level 8 spell: Discord
 25638 | D:15     | Found a staircase to the Depths.
 25652 | Depths:1 | Entered Level 1 of the Depths
 26001 | D:5      | Bought a potion of brilliance for 48 gold pieces
 26001 | D:5      | Bought a potion of curing for 36 gold pieces
 26001 | D:5      | Bought a potion of ambrosia for 96 gold pieces
 26125 | D:4      | Killed 27snakeeyes612's ghost
 26246 | D:4      | Reached skill level 17 in Hexes
 26409 | Shoals:1 | Entered Level 1 of the Shoals
 26797 | Shoals:2 | Noticed Polyphemus
 26861 | Shoals:1 | Reached skill level 18 in Hexes
 26945 | Shoals:2 | Found Lakuebaw's Assorted Antiques.
 26958 | Shoals:2 | Bought a bloodstained ring mail for 288 gold pieces
 26958 | Shoals:2 | Identified the +0 ring mail of the Boiling Point {rElec}
                  | (You bought it in a shop on level 2 of the Shoals)
 26958 | Shoals:2 | Bought a garnet ring for 160 gold pieces
 26960 | Shoals:2 | Bought a scroll of fear for 112 gold pieces
 26960 | Shoals:2 | Bought a scroll of fear for 112 gold pieces
 26960 | Shoals:2 | Bought a potion of ambrosia for 256 gold pieces
 27368 | Shoals:3 | Reached skill level 19 in Hexes
 27687 | Shoals:4 | Entered Level 4 of the Shoals
 27771 | Shoals:4 | Found Fisop's Jewellery Boutique.
 28017 | Shoals:4 | Got a barnacled rune of Zot
 28073 | Shoals:4 | Acquired the +1 pair of gloves of the Game Afoot {rF+
                  | Regen+ Int-5}
 28308 | Shoals:4 | Identified the +5 spear of Theory {elec, Will+ Str+5}
 28377 | Shoals:4 | Reached XP level 17. HP: 133/133 MP: 29/29
 28535 | Shoals:4 | Identified the +1 ring mail of Durable the Good {Rampage
                  | rC++ rCorr Str-2}
 28676 | Shoals:4 | Identified the +1 helmet "Asiseitz" {MP+9 Slay+2}
 28743 | Shoals:4 | Noticed a kraken
 28865 | Spider:1 | Entered Level 1 of the Spider Nest
 29197 | Spider:1 | Reached skill level 20 in Hexes
 29848 | Spider:2 | Reached skill level 21 in Hexes
 30024 | Spider:2 | Got the Papyrus of Slime
 31506 | Spider:3 | Noticed Jorgrun
 31536 | Spider:3 | Killed Jorgrun
 31653 | Spider:4 | Entered Level 4 of the Spider Nest
 31653 | Spider:4 | Found a transporter.
 31666 | Spider:4 | Noticed martbhell's ghost (adept MiBe)
 32026 | Spider:4 | Found a transporter.
 32122 | Spider:4 | Killed martbhell's ghost
 32149 | Spider:4 | Reached XP level 18. HP: 145/145 MP: 26/30
 32602 | Spider:4 | Got a gossamer rune of Zot
 32679 | Spider:4 | Reached skill level 15 in Fighting
 33056 | Elf:1    | Entered Level 1 of the Elven Halls
 33263 | Elf:1    | Learned a level 6 spell: Invisibility
 33269 | Elf:1    | Got Asket's Incunabulum of Companions
 33402 | Elf:1    | Found Olaruaxa's General Store.
 33407 | Elf:1    | Bought a scroll of fear for 49 gold pieces
 33407 | Elf:1    | Bought a scroll of fear for 49 gold pieces
 33407 | Elf:1    | Bought a scroll of enchant armour for 105 gold pieces
 33440 | Elf:1    | Found Tooxtid's Antique Armour Boutique.
 33441 | Elf:1    | Noticed Aizul
 33444 | Elf:1    | Killed Aizul
 33540 | Elf:1    | Found Borug's Magic Scroll Emporium.
 33548 | Elf:1    | Bought a scroll of teleportation for 57 gold pieces
 33548 | Elf:1    | Bought a scroll of teleportation for 57 gold pieces
 33548 | Elf:1    | Bought a scroll of teleportation for 57 gold pieces
 33548 | Elf:1    | Bought a scroll of teleportation for 57 gold pieces
 33548 | Elf:1    | Bought a scroll of fog for 38 gold pieces
 33548 | Elf:1    | Bought a scroll of enchant armour for 142 gold pieces
 33629 | Elf:1    | Found a portal to a secret trove of treasure.
 33718 | Elf:1    | Found Tishream's Jewellery Boutique.
 33724 | Elf:1    | Found Hakkameuz's Jewellery Shoppe.
 33885 | Elf:1    | Bought a ring of the Octopus King {rF+ AC+1 EV+1 Str+1
                  | Int+1 Dex+1} for 653 gold pieces
 33885 | Elf:1    | Found the ring of the Octopus King {rF+ AC+1 EV+1 Str+1
                  | Int+1 Dex+1}
 34087 | Elf:2    | Noticed a Brimstone Fiend
 34097 | Elf:3    | Entered Level 3 of the Elven Halls
 34521 | Elf:2    | Found a runed translucent gate.
 34521 | Elf:2    | Found a runed translucent gate.
 34521 | Elf:2    | Found a runed translucent gate.
 34524 | Elf:2    | Identified the +6 great sword of the Neverending Stars
                  | {vorpal, Will++}
 34851 | Elf:3    | Reached XP level 19. HP: 157/157 MP: 9/31
 35887 | Elf:3    | Reached skill level 10 in Invocations
 35890 | Elf:3    | Paralysed by an air elemental for 1 turns
 35898 | Elf:3    | Paralysed by an air elemental for 1 turns
 35940 | Elf:3    | Demolished by a deep elf blademaster

Illustrated notes

Levels and vault maps discovered:
D:1:      matt_arrival_refuge, layout_basic,
          shapermc_ecumenical_altar_mp_highgroup
D:2:      layout_basic
D:3:      layout_loops_ring, trog_hazing_becter, minmay_misc_feat_secret_circle,
          uniq_sigmund
D:4:      layout_basic, gammafunk_ghost_abyssal_escape,
          minmay_manual_macuahuitl, uniq_duvessa
D:5:      layout_basic, minmay_temple_entry_ruins, serial_shops,
          nicolae_shop_stone, kennysheep_generic_room_4
D:6:      layout_cave_pools, grunt_temple_overflow_cloverleaf, uniq_maggie,
          uniq_crazy_yiuf_cottage
D:7:      layout_rooms, lemuel_tele_altar, st_stairs_13
D:8:      layout_layer_cave, lemuel_coloured_pillars_altar, zin_academy,
          enter_bailey_5, minmay_shop_chei, grunt_ministairs_7,
          corexii_hall_statues_i
D:9:      minmay_general_purpose_star, layout_basic, lemuel_doored_altar,
          nicolae_gozag_seed_capital, serial_shops, nicolae_shop_crystal,
          minmay_st_funbox, minmay_ruined_shrine
D:10:     layout_loops_cross, elyvilon_altar_3,
          nemelex_xobeh_ov_fountains_minmay, kennysheep_mini_moat,
          kennysheep_just_a_vault
D:11:     layout_cave_pods
D:12:     minmay_open_boxes_in_corner, layout_irregular_city,
          kennysheep_orc_monster_closet_entryway, fedhas_bush_and_centaur_altar,
          uniq_maurice, uniq_psyche
D:13:     kennysheep_funnel, layout_stronghold, skrybe_vaults_entry_preservation
D:14:     layout_basic, glass_columns_b
D:15:     grunt_enter_depths_snipers, layout_rooms,
          gammafunk_ghost_berserking_beasts
Temple:   compressed_dpeg_triangle_lava_temple
Lair:1:   layout_loops_ring
Lair:2:   kb_forest_paths, layout_chaotic_city, serial_bayou_shore_b,
          lemuel_fruit_tree
Lair:3:   layout_concentric_octagons, nicolae_spider_entry_orb_guardian,
          uniq_snorg, uniq_fannar, uniq_sonja
Lair:4:   layout_regular_city, minmay_shoals_entry_beasts, lemuel_fruit_fields,
          grunt_megastairs_3
Lair:5:   layout_regular_city, minmay_slime_entry_pillars
Lair:6:   minmay_lair_end_frog_pond, layout_regular_city
Shoals:1: layout_shoals, st_shoals_ruin
Shoals:2: layout_shoals, serial_shops, nicolae_shop_behind_doors,
          uniq_polyphemus
Shoals:3: layout_shoals, nicolae_shoals_nautilus_by_nature,
          nicolae_shoals_land_atoll, kb_tengu_band
Shoals:4: shoals_end_grunt_ice, layout_shoals, serial_shops, shop,
          nicolae_shoals_shepherds
Spider:1: layout_chambers
Spider:2: layout_spider_delve, worms_lemuel
Spider:3: layout_spider_delve, uniq_jorgrun
Spider:4: floodkiller_spider_rune_tomb, gammafunk_ghost_arena
Orc:1:    layout_caves
Orc:2:    pf_orc_diabolical, layout_caves
Elf:1:    eino_elf_arrival_shootout, layout_geoelf_octagon, serial_shops,
          shop_fountains, nicolae_shop_competitors_out_of_business,
          nicolae_shop_waterfront, shop, shop, enter_trove_0,
          minmay_elf_demonology, solitary_fountain,
          hangedman_elf_targetted_burst, abandoned_shop, uniq_aizul
Elf:2:    layout_gridlike
Elf:3:    nooodl_elf_gasket, layout_geoelf_grid, grunt_megastairs_2
Depths:1: layout_cross, enter_ziggurat_e, hell_entry, nrook_mini_backslash,
          kiku_gazebo_pond_becter

Skill      XL: |  1  2  3  4  5  6  7  8  9 10 11 12 13 14 15 16 17 18 19 |
---------------+----------------------------------------------------------+-----
Hexes          | 5 9 12 16 19 21 | 21.2
Stealth        | 5 10 14 | 14.3
Short Blades   | 2 4 5 7 8 10 | 10.0
Spellcasting   | 4 5 7 8 |  8.7
Dodging        | 6 9 13 16 | 16.9
Fighting       | 4 6 11 13 16 | 16.2
Invocations    | 3 5 8 10 | 10.6
Shields        | 4 |  4.0
Evocations     | 5 |  5.2
Necromancy     | 3 7 |  7.2

Action                   |  1- 3 |  4- 6 |  7- 9 | 10-12 | 13-15 | 16-18 | 19-21 || total
-------------------------+-------+-------+-------+-------+-------+-------+-------++-------
Melee: Dagger            |   130 |   186 |   538 |   635 |  1623 |  1751 |   100 ||  4963
       Bite              |    12 |    17 |    56 |    56 |   144 |   196 |    11 ||   492
       Quarterstaff      |       |       |     4 |       |       |       |       ||     4
 Cast: Corona            |    11 |       |     9 |       |       |       |       ||    20
       Ensorcelled Hiber |     6 |    43 |    60 |    50 |    22 |    33 |       ||   214
       Tukima's Dance    |     1 |     5 |    16 |     1 |    11 |    12 |     1 ||    47
       Dazzling Flash    |       |     1 |     9 |    17 |    63 |    37 |       ||   127
       Confusing Touch   |       |       |       |     6 |     9 |    19 |     1 ||    35
       Cause Fear        |       |       |       |     3 |     1 |     7 |       ||    11
       Animate Dead      |       |       |       |       |     1 |     2 |       ||     3
       Discord           |       |       |       |       |       |    51 |    15 ||    66
       Invisibility      |       |       |       |       |       |     3 |     1 ||     4
Invok: Shadow Step       |       |       |       |       |     2 |    12 |       ||    14
Evoke: Wand              |       |       |       |     7 |     3 |     2 |     1 ||    13
       Box of beasts     |       |       |       |     1 |       |       |     2 ||     3
       Phantom mirror    |       |       |       |       |       |     1 |     1 ||     2
  Use: Scroll            |       |     6 |     6 |    15 |    10 |     9 |     2 ||    48
       Potion            |       |       |     3 |     2 |     1 |     4 |     1 ||    11
 Stab: Sleeping          |    23 |    16 |    36 |    37 |    68 |   111 |     6 ||   297
       Invisible         |       |       |     9 |    13 |    53 |    44 |     1 ||   120
       Distracted        |       |       |     2 |     4 |    14 |    11 |     1 ||    32
       Confused          |       |       |       |     5 |    10 |    15 |     1 ||    31
       Petrified         |       |       |       |       |       |     2 |       ||     2
Armor: Robe              |    17 |    12 |    70 |       |       |       |       ||    99
       Acid dragon scale |       |       |    38 |    94 |   212 |   301 |    19 ||   664
       Skin              |       |       |       |     9 |       |       |       ||     9
Dodge: Dodged            |    67 |   100 |   298 |   280 |   654 |  1238 |    63 ||  2700
       Repelled          |       |       |       |       |     3 |       |       ||     3
Block: Other             |       |     4 |   107 |    78 |       |       |       ||   189
       Reflection        |       |       |    18 |     2 |    13 |    18 |     6 ||    57
       Buckler           |       |       |       |    20 |   698 |   861 |    56 ||  1635

Table legend: (Time is in decaauts)
 A = Elapsed time spent in this place.
 B = Non-inter-level travel time spent in this place.
 C = Inter-level travel time spent in this place.
 D = Time resting spent in this place.
 E = Time spent auto-exploring this place.
 F = Levels seen in this place.
 G = Mean time per level.
                   A        B        C        D        E       F      G
               +--------+--------+--------+--------+--------+-----+--------+
         Total |  33776 |  31340 |   2436 |   3938 |  17408 |  37 |  912.9 |
       Dungeon |  17161 |  16016 |   1145 |   2064 |  10148 |  15 | 1144.1 |
        Temple |    370 |    355 |     15 |    101 |    221 |   1 |  370.0 |
          Lair |   5895 |   5251 |    644 |    193 |   3453 |   6 |  982.5 |
        Shoals |   2240 |   2112 |    128 |    278 |    128 |   4 |  560.0 |
   Spider Nest |   3712 |   3357 |    355 |    747 |   1425 |   4 |  928.0 |
  Orcish Mines |   1451 |   1355 |     96 |    124 |    857 |   2 |  725.5 |
   Elven Halls |   2671 |   2619 |     52 |    348 |   1176 |   3 |  890.3 |
        Depths |      6 |      6 |      0 |      0 |      0 |   1 |    6.0 |
        Bailey |    265 |    265 |      0 |     83 |      0 |   1 |  265.0 |
               +--------+--------+--------+--------+--------+-----+--------+

Top non-repeatable levels by time:
     D:4: 1980 daAuts
Spider:2: 1805 daAuts
     D:3: 1579 daAuts
    D:14: 1509 daAuts
  Lair:3: 1405 daAuts
     D:8: 1339 daAuts
     D:5: 1326 daAuts
     D:9: 1290 daAuts
    D:12: 1271 daAuts
   Orc:2: 1093 daAuts
     D:6: 1069 daAuts
Shoals:4: 1025 daAuts
     D:1: 1015 daAuts
  Lair:6: 1012 daAuts
   Elf:3: 1010 daAuts
